Map: Ruines d’Endion

Players

zidar

  • Race: Zerg Zerg
  • League: Gold
  • Spawn Location: 7:00

Comando - Winner!

  • Race: Zerg Zerg
  • League: Silver
  • Spawn Location: 5:00

VOD

Have the link to the VOD?

Description

Time

  • Played on: May 20, 2016, 9:56 a.m.
  • Length: 16:19
Show
View Real Time Build Order
Export as new Build Order

zidar Zerg 

Build Orders: Pool First 

Get SALT Encoding   

  12  0:03  Drone  
  13  0:12  Overlord  
  13  0:17  Drone  
  14  0:31  Drone x2  
  16  0:36  Drone  
  17  0:50  Spawning Pool, Drone  
  17  0:54  Extractor  
  17  1:12  Hatchery  
  17  1:16  Drone  
  17  1:29  Extractor  
  16  1:36  Zergling x2  
  16  1:37  Zergling x4  
  19  1:48  Queen  
  21  2:00  Roach Warren  
  20  2:02  Drone x2  
  22  2:27  Extractor  
  22  2:29  Drone  
  22  2:33  Queen  
  23  2:50  Evolution Chamber  
  22  2:57  Overlord  
  22  3:16  Zerg Missile Weapons Level 1  
  22  3:23  Roach x4  
  30  3:28  Drone  
  30  3:33  Drone  
  32  3:43  Drone  
  33  3:49  Drone  
  33  3:50  Drone  
  33  3:55  Drone  
  36  4:04  Overlord  
  35  4:24  Spine Crawler  
  35  4:26  Spine Crawler  
  35  4:28  Roach  
  35  4:30  Roach  
  37  4:36  Roach  
  39  4:56  Drone x4  
  43  5:00  Overlord  
  33  5:51  Roach x5  
  43  6:05  Ravager  
  44  6:20  Lair  
  44  6:25  Overlord x4  
  44  6:45  Drone x9  
  53  6:54  Roach x3  
  53  6:55  Roach x2  
  63  7:06  Ravager  
  63  7:07  Ravager  
  65  7:18  Zerg Missile Weapons Level 2  
  65  7:30  Roach x5  
  65  7:33  Overlord  
  65  7:35  Glial Reconstitution  
  75  7:40  Overlord  
  75  7:41  Overlord x2  
  49  8:52  Roach  
  49  8:53  Roach x8  
  54  9:07  Roach x3  
  60  9:16  Evolution Chamber  
  59  9:27  Roach x3  
  67  9:31  Roach x7  
  79  9:40  Zerg Ground Armor Level 1  
  79  9:42  Zerg Melee Weapons Level 1  
  79  9:46  Metabolic Boost  
  79  9:50  Roach x3  
  85  10:05  Zergling x14  
  92  10:12  Roach  
  92  10:13  Roach  
  96  10:17  Hatchery  
  95  10:26  Queen  
  97  10:30  Roach x5, Zergling x2  
  97  10:33  Overlord  
  108  10:54  Zergling x10  
  113  11:36  Roach x4  
  113  11:37  Zergling x2  
  122  11:40  Overlord x4  
  122  11:54  Spire  
  121  12:02  Zergling x8  
  121  12:03  Zergling x12  
  121  12:08  Zerg Melee Weapons Level 2  
  131  12:13  Overseer  
  131  12:14  Pneumatized Carapace  
  123  13:10  Infestation Pit  
  122  13:26  Overlord x4  
  122  13:29  Zergling x2  
  122  13:30  Zergling x20  
  133  13:53  Hive  
  133  13:55  Pathogen Glands  
  133  14:01  Drone x11  
  144  14:06  Extractor  
  143  14:11  Extractor  
  142  14:53  Corruptor x2  
  142  14:54  Corruptor x3  
  152  15:00  Extractor  
  152  15:04  Extractor  
  125  15:33  Zergling x18  
  125  15:34  Zergling x36  
Show
View Real Time Build Order
Export as new Build Order

Comando Zerg - Winner!

Build Orders: Pool First, Lurkers 

Get SALT Encoding   

  12  0:02  Drone  
  13  0:13  Overlord  
  13  0:18  Drone  
  14  0:25  Extractor  
  14  0:26  Drone  
  15  0:32  Drone  
  16  0:37  Drone  
  17  0:47  Drone  
  18  0:51  Spawning Pool  
  17  1:01  Extractor  
  16  1:05  Drone  
  16  1:08  Drone  
  18  1:19  Drone  
  19  1:30  Drone  
  20  1:38  Queen  
  22  1:41  Overlord  
  22  1:52  Hatchery  
  21  1:57  Zergling x2  
  22  2:02  Zergling x2  
  22  2:05  Metabolic Boost  
  23  2:12  Zergling x2  
  25  2:30  Zergling x2  
  25  2:35  Zergling x2  
  26  2:42  Roach Warren  
  25  2:44  Drone  
  25  2:45  Lair  
  25  2:50  Drone  
  27  3:04  Extractor  
  26  3:06  Drone x3  
  26  3:09  Overlord  
  26  3:12  Queen  
  29  3:17  Drone  
  32  3:21  Zergling x2  
  32  3:23  Roach  
  35  3:30  Roach x2  
  39  3:35  Roach  
  39  3:36  Roach  
  39  3:40  Drone  
  44  3:47  Glial Reconstitution  
  44  3:55  Overlord  
  44  4:14  Zergling x2  
  44  4:15  Zergling x12  
  51  4:26  Drone  
  51  4:28  Overlord x2  
  52  4:48  Drone x2  
  52  4:49  Drone  
  55  5:08  Evolution Chamber  
  55  5:10  Evolution Chamber  
  55  5:11  Evolution Chamber  
  52  5:15  Roach x6  
  47  5:43  Zerg Missile Weapons Level 1, Zerg Ground Armor Level 1, Zerg Melee Weapons Level 1  
  47  5:46  Drone x2  
  47  5:47  Drone x3  
  46  5:51  Drone  
  46  5:55  Overseer  
  47  6:06  Drone x3  
  50  6:28  Hydralisk Den  
  50  6:30  Extractor  
  48  6:33  Extractor  
  48  6:35  Roach  
  48  6:36  Roach x6  
  48  6:37  Roach  
  65  6:40  Roach  
  65  6:44  Roach  
  67  6:47  Drone  
  68  7:18  Overlord x5  
  68  7:19  Overlord  
  68  8:03  Drone x3  
  72  8:05  Drone x2  
  72  8:06  Drone  
  56  8:53  Roach x9  
  70  9:00  Queen  
  72  9:03  Zerg Melee Weapons Level 2, Zerg Missile Weapons Level 2  
  72  9:04  Zerg Ground Armor Level 2  
  72  9:27  Drone  
  73  9:37  Burrow  
  73  9:43  Hydralisk Den  
  72  9:49  Drone  
  73  10:14  Hatchery  
  73  10:20  Hydralisk x4  
  73  10:21  Hydralisk x10  
  80  10:24  Muscular Augments  
  100  11:02  Zergling x4  
  100  11:03  Zergling x14  
  109  11:43  Lurker Den  
  109  11:48  Hydralisk x6  
  109  11:51  Overlord x3  
  121  12:08  Queen  
  123  12:16  Drone  
  123  12:57  Hatchery  
  116  13:03  Hydralisk  
  116  13:04  Hydralisk x8  
  134  13:12  Lurker x4  
  138  13:13  Lurker  
  138  13:17  Lurker  
  140  13:55  Infestation Pit  
  139  14:07  Hydralisk  
  139  14:08  Hydralisk x5  
  151  14:11  Overlord x6  
  151  14:21  Extractor  
  151  14:22  Extractor  
  149  14:48  Drone x3  
  152  15:07  Hive  
  127  15:38  Zergling x28  
  127  15:39  Zergling x14  
Tags
 
Composition
Lurkers
Matchup
ZvZ
Race
Zerg
Spawn Locations
Close Positions
Add a new tag
Caveats
  • Supply blocks, unpowered buildings, or Contaminate may cause inaccurate times.
  • Supply counts are checked every 10 seconds.